 Dungeon Crawl Stone Soup version 0.26-a0-812-g31a745ddcd (webtiles) character file.

Game seed: 14633073987169999406

11776 sanka the Unseen (level 11, -1/56 HPs)
             Began as a Spriggan Enchanter on Dec 7, 2020.
             Was a Priest of Ru.
             Slain by a yak (7 damage)
             ... on level 9 of the Dungeon.
             The game lasted 00:28:24 (16851 turns).

sanka the Unseen (Spriggan Enchanter)              Turns: 16851, Time: 00:28:25

Health: -1/56      AC:  6    Str:  4    XL:     11   Next: 53%
Magic:  10/16      EV: 30    Int: 17    God:    Ru [***...]
Gold:   254        SH:  0    Dex: 20    Spells: 7/16 levels left

rFire    . . .     SeeInvis +   a - +3 dagger
rCold    . . .     Faith    .   (shield restricted)
rNeg     . . .     Spirit   .   H - +1 robe of Untruth {+Blink +Fly MR+} (curse)
rPois    .         Reflect  .   (helmet restricted)
rElec    .         Harm     .   z - +2 cloak {Stlth+}
rCorr    .         Rampage  .   (gloves unavailable)
MR       ++...                  (boots unavailable)
Stlth    ++++++....             (no amulet)
HPRegen  0.18/turn              (no ring)
MPRegen  0.15/turn              (no ring)

@: very quick
A: very small, unfitting armour, see invisible, speed 3, hated by all, inability
to train armour, no necromancy magic, no poison magic, no transmutations magic
a: Draw Out Power, Renounce Religion, Evoke Blink, Evoke Flight


You were on level 9 of the Dungeon.
You worshipped Ru.
Ru was most pleased with you.
You visited 2 branches of the dungeon, and saw 11 of its levels.

You collected 515 gold pieces.
You spent 261 gold pieces at shops.


Innate Abilities, Weirdness & Mutations

You are very small and have problems with some larger weapons.
You are too small for most types of armour.
You have supernaturally acute eyesight. (SInv)
You cover ground extremely quickly.
You are hated by all.
You cannot train Armour skill.
You cannot study or cast Necromancy magic.
You cannot study or cast Poison magic.
You cannot study or cast Transmutations magic.


   Skills:
 + Level 6.2 Fighting
 + Level 8.1 Short Blades
 + Level 12.3 Dodging
 - Level 15.0 Stealth
 - Level 3.0 Spellcasting
 - Level 10.0 Hexes


You had 7 spell levels left.
You knew the following spells:

 Your Spells              Type           Power        Failure   Level
y - Dazzling Flash        Conj/Hex       ###...       7%          3
z - Ensorcelled Hibernat  Hex/Ice        ###...       3%          2
X - Confusing Touch       Hex            #####...     1%          3
Z - Corona                Hex            #####..      1%          1

Your spell library contained the following spells:

 Spells                   Type           Power        Failure   Level
 Tukima's Dance           Hex            Unusable     N/A         3

Inventory:

Hand Weapons
 a - a +3 dagger (weapon)
 b - a +0 dagger of draining
Missiles
 f - 13 poisoned darts (quivered)
 I - 6 curare-tipped darts {=f}
Armour
 y - a +0 buckler
 z - a +2 cloak of stealth (worn)
 H - the cursed +1 robe of Untruth (worn) {+Blink +Fly MR+}

   It affects your resistance to hostile enchantments.
   It lets you fly.
   It lets you blink.
   It has a curse placed upon it.
Magical Staves
 J - an uncursed staff of air
Wands
 h - a wand of iceblast (11)
 s - a wand of digging (7)
 t - a wand of paralysis (7)
 v - a wand of disintegration (11)
 F - a wand of flame (13)
Scrolls
 d - 4 scrolls of immolation {!r}
 i - 2 scrolls of fear
 n - a scroll of enchant armour
 o - 5 scrolls of teleportation {@r4}
 p - 3 scrolls of blinking
 r - a scroll of enchant weapon
 u - 2 scrolls of holy word {unknown}
 x - 3 scrolls of remove curse
 D - a scroll of summoning {unknown}
 E - 3 scrolls of identify {@r1}
 G - a scroll of silence {unknown}
Potions
 c - 6 potions of curing {@q1}
 e - 7 potions of heal wounds {@q2}
 g - 2 potions of might {unknown}
 j - 3 potions of attraction {!q}
 k - a potion of flight {unknown}
 l - 2 potions of cancellation {unknown}
 m - a potion of mutation {unknown}
 q - 3 potions of haste {unknown}
 w - a potion of degeneration {unknown}
 A - a potion of invisibility {unknown}
 B - a potion of berserk rage {unknown}
 C - a potion of brilliance {unknown}

Dungeon Overview and Level Annotations

Branches:
Dungeon (10/15)            Temple (1/1) D:4
   Lair: D:8-11         Orc: D:9-12

Altars:
Ashenzari
Cheibriados
Dithmenos
Elyvilon
Fedhas
Gozag
Hepliaklqana
Kikubaaqudgha
Makhleb
Nemelex Xobeh
Okawaru
Qazlal
Ru
Sif Muna
Trog
Uskayaw
Vehumet
Wu Jian
Xom
Yredelemnul
Zin
The Shining One

Shops:
D:5 [   D:6 ?   D:7 = D:8

! ..▒....▒..▒......▒.▒▒.......▒
..▒....'..▒......▒..▒.......▒▒▒▒▒
..▒▒▒▒▒▒..▒...▒▒▒▒..▒............
..........▒▒▒▒▒.....▒............
....................▒............
....................▒............
.▒▒▒▒▒▒▒▒▒.▒'▒▒▒....▒............
.▒ ▒.'...▒YY..▒...▒▒▒▒▒▒▒▒▒ .▒
▒.▒.[.▒io..▒...▒.......▒ .▒
▒.▒...▒)Y▒▒▒...▒.......▒
.▒▒▒▒▒▒▒▒▒.▒...▒..▒.)<..▒.......▒
...........▒...▒..▒.....'.......▒
...........▒▒▒▒▒..▒.....▒.......▒
..................▒.....▒.......▒
..................▒.....▒.......▒
▒..............▒▒'▒.....▒.......▒
▒..............▒........▒....▒▒▒▒


You could see 3 yaks and an orc warrior.


Message History

The yak closely misses you.
The orc priest mumbles some strange prayers to Beogh against you.
Beogh smites you! The orc warrior completely misses you.
The yak completely misses you.
Aiming: Ensorcelled Hibernation (safe; 3% risk of failure)
Aim: an orc priest, wielding a -1 dagger and wearing a cursed -1 chain mail (chance to defeat MR: 50%)
The orc priest resists with some effort.
The yak gores you! The yak completely misses you.
The orc priest completely misses you. The orc warrior closely misses you.
The yak completely misses you.
Aiming: Ensorcelled Hibernation (safe; 3% risk of failure)
Aim: an orc priest, wielding a -1 dagger and wearing a cursed -1 chain mail (chance to defeat MR: 50%)
The orc priest looks drowsy...
The yak gores you!
* * * LOW HITPOINT WARNING * * *
You focus your will and illuminate the yak in retribution!
The yak barely misses you.
The orc warrior hits you with a +0 short sword!
* * * LOW HITPOINT WARNING * * *
The yak is stunned by your will and fails to attack.
Unknown command.
The helpless orc priest fails to defend itself.
You perforate the orc priest like a sieve!!!!
You kill the orc priest!
The yak completely misses you. The yak gores you!
You die...

Action                   |  1- 3 |  4- 6 |  7- 9 | 10-12 || total
-------------------------+-------+-------+-------+-------++-------
Melee: Dagger            |    99 |   104 |   319 |   420 ||   942
Throw: Dart              |    28 |       |       |       ||    28
 Cast: Corona            |     1 |       |       |       ||     1
       Ensorcelled Hiber |    18 |    60 |   112 |    97 ||   287
       Confusing Touch   |       |     1 |    11 |    15 ||    27
Invok: Sacrifice Durabil |       |       |     1 |       ||     1
       Sacrifice Love    |       |       |     1 |       ||     1
       Sacrifice Arcana  |       |       |       |     1 ||     1
Evoke: Wand              |       |       |       |     1 ||     1
  Use: Scroll            |       |       |    13 |       ||    13
       Potion            |       |       |       |     2 ||     2
 Stab: Sleeping          |    23 |    42 |    70 |    60 ||   195
       Distracted        |     1 |       |       |     4 ||     5
       Confused          |       |     1 |    11 |    17 ||    29
       Invisible         |       |       |       |     1 ||     1
Armor: Robe              |     9 |     4 |    15 |    20 ||    48
Dodge: Dodged            |    89 |   101 |   231 |   247 ||   668

Levels and vault maps discovered:
D:1:      kennysheep_arrival_seaside, layout_loops_ring, nrook_campfire
D:2:      layout_loops_ring, yredelemnul_altar_generic,
          chequers_temple_overflow_minitemple
D:3:      layout_basic, serial_curves, eino_curves_04, eino_curves_04
D:4:      layout_layer_cave, minmay_temple_entry_drinking_statues
D:5:      cheibrodos_thug_alley, layout_basic, serial_shops,
          nicolae_shop_crystal, uniq_grinder
D:6:      layout_basic, grunt_temple_overflow_growth_and_decay, serial_shops,
          nicolae_shop_temple_entry_statues_fountains
D:7:      layout_loops_ring, serial_shops, shop_statue, basic_altar,
          patterned_corridor, uniq_pikel
D:8:      layout_basic, serial_shops, nicolae_shop_crystal, zaba_anthell
D:9:      layout_irregular_city, marbit_many_paths, lightli_temple_of_fire,
          minmay_pinched_square
D:10:     layout_basic, erik_orc_2, ebering_ghost_disaster_area, uniq_urug,
          uniq_nergalle, uniq_fannar
Temple:   minmay_temple_bridge_abc

Notes
Turn   | Place    | Note
-------+----------+-------------------------------------------
     0 | D:1      | sanka the Spriggan Enchanter began the quest for the Orb.
     0 | D:1      | Reached XP level 1. HP: 9/9 MP: 5/5
   120 | D:1      | Reached skill level 5 in Stealth
   397 | D:1      | Reached XP level 2. HP: 8/13 MP: 6/6
   521 | D:1      | Learned a level 2 spell: Ensorcelled Hibernation
   863 | D:1      | Reached skill level 6 in Stealth
  1246 | D:1      | Reached XP level 3. HP: 16/16 MP: 8/8
  1890 | D:2      | Found a sparkling altar of Nemelex Xobeh.
  1890 | D:2      | Found an iron altar of Okawaru.
  1895 | D:2      | Found a shimmering blue altar of Sif Muna.
  1897 | D:2      | Found a broken altar of Ashenzari.
  1899 | D:2      | Found a glowing golden altar of the Shining One.
  1962 | D:2      | Reached skill level 7 in Stealth
  2340 | D:2      | Reached XP level 4. HP: 21/21 MP: 9/9
  2656 | D:2      | Found a basalt altar of Yredelemnul.
  2833 | D:3      | Reached skill level 8 in Stealth
  3058 | D:3      | Reached skill level 2 in Short Blades
  3415 | D:3      | Reached XP level 5. HP: 19/24 MP: 7/10
  3559 | D:3      | Reached skill level 3 in Short Blades
  3642 | D:3      | Noticed an ogre
  3877 | D:3      | Killed an ogre
  3877 | D:3      | Reached skill level 4 in Short Blades
  4605 | D:3      | Reached XP level 6. HP: 23/28 MP: 0/11
  4699 | D:4      | Reached skill level 5 in Short Blades
  4842 | D:3      | Learned a level 3 spell: Confusing Touch
  4846 | D:3      | Learned a level 3 spell: Dazzling Flash
  4852 | D:4      | Reached skill level 3 in Spellcasting
  4930 | D:4      | Reached skill level 4 in Hexes
  4936 | D:4      | Reached skill level 5 in Hexes
  5556 | D:4      | Reached XP level 7. HP: 32/32 MP: 5/12
  5676 | D:4      | Reached skill level 6 in Hexes
  5799 | D:5      | Entered Level 5 of the Dungeon
  6043 | D:5      | Reached skill level 7 in Hexes
  6100 | D:5      | Noticed Grinder
  6205 | D:5      | Reached skill level 8 in Hexes
  6505 | D:4      | Found a staircase to the Ecumenical Temple.
  6542 | Temple   | Entered the Ecumenical Temple
  6730 | Temple   | Became a worshipper of Ru the Awakened
  7564 | D:5      | Found Ciozok's Armour Boutique.
  7826 | D:5      | Reached skill level 1 in Fighting
  7826 | D:5      | Reached skill level 4 in Dodging
  8300 | D:5      | Paralysed by Grinder for 4 turns
  8315 | D:5      | Killed Grinder
  8315 | D:5      | Reached skill level 2 in Fighting
  8315 | D:5      | Reached skill level 5 in Dodging
  8315 | D:5      | Reached XP level 8. HP: 6/39 MP: 10/13
  8695 | D:5      | Bought a +1 cloak of stealth for 231 gold pieces
  8805 | D:6      | Found Ussisodgh's Magic Scroll Shop.
  8823 | D:6      | Reached skill level 6 in Dodging
  8978 | D:6      | Gained mutation: You cannot train Armour skill. [Ru
                  | sacrifice]
  8978 | D:6      | Reached * piety under Ru
  9109 | D:6      | Reached skill level 3 in Fighting
  9239 | D:6      | Found a blossoming altar of Fedhas.
  9239 | D:6      | Found an ancient bone altar of Kikubaaqudgha.
  9246 | D:6      | Reached skill level 7 in Dodging
  9712 | D:6      | Reached skill level 8 in Dodging
  9781 | D:6      | Reached skill level 9 in Stealth
 10206 | D:6      | Reached skill level 10 in Stealth
 10675 | D:6      | Bought a scroll of identify for 30 gold pieces
 10777 | D:7      | Found an opulent altar of Gozag.
 10792 | D:7      | Reached XP level 9. HP: 44/44 MP: 9/14
 10911 | D:7      | Reached skill level 11 in Stealth
 11077 | D:7      | Noticed Pikel
 11099 | D:7      | Killed Pikel
 11099 | D:7      | Reached skill level 12 in Stealth
 11099 | D:7      | Reached skill level 6 in Short Blades
 11447 | D:7      | Found Zount's Jewellery Boutique.
 11461 | D:7      | Reached skill level 7 in Short Blades
 12327 | D:8      | Reached skill level 8 in Short Blades
 12387 | D:8      | Reached skill level 9 in Hexes
 12414 | D:8      | Gained mutation: You are hated by all. [Ru sacrifice]
 12414 | D:8      | Reached ** piety under Ru
 12414 | D:8      | Reached *** piety under Ru
 12507 | D:8      | Noticed a queen ant
 12519 | D:8      | Reached XP level 10. HP: 49/49 MP: 10/15
 12765 | D:8      | Killed a queen ant
 12765 | D:8      | Reached skill level 10 in Hexes
 13100 | D:8      | Reached skill level 9 in Dodging
 13104 | D:8      | Reached skill level 4 in Fighting
 13336 | D:8      | Reached skill level 10 in Dodging
 13454 | D:8      | Reached skill level 5 in Fighting
 13796 | D:8      | Found Ytwie's Distillery.
 13859 | D:8      | Reached skill level 11 in Dodging
 15045 | D:9      | Reached skill level 6 in Fighting
 15062 | D:9      | Reached skill level 12 in Dodging
 15062 | D:9      | Reached XP level 11. HP: 56/56 MP: 7/16
 15314 | D:9      | Noticed a centaur warrior
 15378 | D:9      | Reached skill level 13 in Stealth
 15579 | D:9      | Identified the cursed +1 robe of Untruth {+Blink +Fly MR+}
 15585 | D:9      | Noticed a purple ugly thing
 15737 | D:9      | Noticed an unseen horror
 15751 | D:9      | Killed an unseen horror
 15820 | D:9      | Noticed a two-headed ogre
 15827 | D:9      | Killed a two-headed ogre
 15827 | D:9      | Reached skill level 14 in Stealth
 15895 | D:9      | Found a burning altar of Makhleb.
 15930 | D:9      | Killed a centaur warrior
 15977 | D:9      | Gained mutation: You cannot study or cast Poison magic. [Ru
                  | sacrifice]
 15977 | D:9      | Gained mutation: You cannot study or cast Transmutations
                  | magic. [Ru sacrifice]
 15977 | D:9      | Gained mutation: You cannot study or cast Necromancy magic.
                  | [Ru sacrifice]
 16157 | D:9      | Found an ornate altar of the Wu Jian Council.
 16216 | D:9      | Killed a purple ugly thing
 16216 | D:9      | Reached skill level 15 in Stealth
 16772 | D:10     | Entered Level 10 of the Dungeon
 16851 | D:9      | Slain by a yak

Vanquished Creatures
  A two-headed ogre (D:9)
  A centaur warrior (D:9)
  A queen ant (D:8)
  An unseen horror (D:9)
  Pikel (D:7)
  An ugly thing (D:9)
  Grinder (D:5)
  14 yaks (D:9)
  13 soldier ants (D:8)
  5 ice beasts
  4 sky beasts
  An orc warrior (D:6)
  6 ogres
  A necrophage (D:9)
  A phantom (D:8)
  3 centaurs
  A big kobold (D:5)
  3 bullfrogs
  A wyvern zombie (D:8)
  3 scorpions
  9 wights
  5 howler monkeys
  6 hounds
  2 jellies
  5 orc priests
  4 orc wizards
  A bullfrog skeleton (D:8)
  3 centaur skeletons
  3 iguanas
  35 worker ants
  A hound zombie (D:7)
  A hound skeleton (D:6)
  13 adders
  A shadow imp (D:9)
  An ufetubus (D:5)
  An ooze (D:4)
  2 adder zombies
  An adder skeleton (D:6)
  2 worms
  2 dart slugs
  4 leopard geckos
  27 orcs
  13 giant cockroaches
  3 goblins
  9 hobgoblins
  13 jackals
  19 kobolds
  4 quokkas
  2 ball pythons (D:1)
  6 bats
  5 frilled lizards
  A jackal skeleton (D:6)
  A leopard gecko skeleton (D:6)
  2 quokka skeletons
  10 rats
280 creatures vanquished.
